 Dungeon Crawl Stone Soup version 0.28-a0-8-g6e044cfa68 (webtiles) character file.

Game seed: 4906179188913954726

257 Sin92 the Skirmisher (level 5, -4/42 HPs)
             Began as a Demonspawn Fighter on July 24, 2021.
             Slain by a gnoll (10 damage)
             ... on level 4 of the Dungeon.
             The game lasted 00:05:32 (3344 turns).

Sin92 the Skirmisher (Demonspawn Fighter)           Turns: 3344, Time: 00:05:32

Health: -4/42      AC:  9    Str: 16    XL:     5   Next: 93%
Magic:  5/5        EV:  5    Int:  9    God:
Gold:   117        SH:  9    Dex: 14    Spells: 4/4 levels left

rFire   . . .      SeeInvis .   a - +0 long sword
rCold   . . .      Faith    .   c - +0 kite shield
rNeg    . . .      Spirit   .   e - +0 chain mail
rPois   .          Reflect  .   (helmet restricted)
rElec   .          Harm     .   (no cloak)
rCorr   .          Rampage  .   (no gloves)
Will    .....                   (no boots)
Stlth   ..........              (no amulet)
HPRegen 0.14/turn               (no ring)
MPRegen 0.18/turn               (no ring)

@: no status effects
A: antennae 1, ignite blood 1, magic regeneration
a: no special abilities


You were on level 4 of the Dungeon.
You visited 1 branch of the dungeon, and saw 4 of its levels.

You collected 117 gold pieces.

Inventory:

Hand Weapons
 a - a +0 long sword (weapon)
Missiles
 n - 6 curare-tipped darts (quivered)
Armour
 b - a +0 scale mail
 c - a +0 kite shield (worn)
 e - a +0 chain mail (worn)
 i - a +2 helmet
Scrolls
 j - a scroll of fog
 k - a scroll of amnesia
 l - a scroll of teleportation
 m - a scroll of magic mapping
Potions
 d - a potion of mutation
 g - 3 potions of curing
 h - 2 potions of brilliance


   Skills:
 + Level 3.8 Fighting
 * Level 3.5 Long Blades
 + Level 3.4 Armour
 + Level 1.7 Dodging
 + Level 3.6 Shields


You had 4 spell levels left.
You didn't know any spells.
Your spell library contained the following spells:

 Spells                   Type           Power      Damage    Failure   Level
 Sublimation of Blood     Necr           0%         N/A       100%        2
 Wereblood                Tmut           0%         N/A       100%        2
 Summon Hydra             Summ           0%         N/A       100%        7


Dungeon Overview and Level Annotations

Branches:
Dungeon (4/15)
 Temple: D:4-7

Altars:


Innate Abilities, Weirdness & Mutations

You have a pair of small antennae on your head.
Your demonic aura sometimes causes spilled blood to erupt in flames.
You regenerate magic rapidly.


Message History

Okay, then.
As you read the scroll of identify, it crumbles to dust.
j - a scroll of fog
As you read the scroll of identify, it crumbles to dust.
d - a potion of mutation
As you read the scroll of identify, it crumbles to dust.
g - 3 potions of curing The gnoll shaman calls upon its god to speed up the gnoll.
The gnoll seems to speed up.
You block the gnoll shaman's attack.
The gnoll hits you from afar with a +0 halberd.
You see here a +0 halberd.
You slash the gnoll shaman!
The gnoll shaman is heavily wounded.
You block the gnoll's attack.
The gnoll shaman hits you with a +0 whip.
The gnoll barely misses you.
The gnoll shaman hits you but does no damage.
The gnoll hits you from afar with a +0 halberd.
You slash the gnoll shaman!
The gnoll shaman is almost dead.
You block the gnoll's attack.
The gnoll shaman hits you with a +0 whip!
The gnoll barely misses you.
Unknown command.
You hit the gnoll shaman.
The gnoll shaman is almost dead.
The gnoll hits you from afar with a +0 halberd.
The gnoll shaman invokes the aid of its god against you.
You resist with some effort. You block the gnoll's attack.
The gnoll shaman hits you with a +0 whip!
Unknown command.
You slash the gnoll shaman!
You kill the gnoll shaman!
The gnoll hits you from afar with a +0 halberd!
* * * LOW HITPOINT WARNING * * *
You block the gnoll's attack.
Unknown command.
The gnoll barely misses you. The gnoll hits you with a +0 halberd!
You die...

...## ############# #...#
..##........# #.#.#
............#####.#.######.
............'.............>
............#######.##.###
##...######## #.)# #...#
#########.#.# ##...#####
#gggg@).....# .........#
#.######.$...... .........#
#....###.# .........#
#....# .........# ###..#
.........# ..# .........#
#.# .........# ..
##########


You could see 4 gnolls.

Vanquished Creatures
  A howler monkey (D:4)
  A gnoll shaman (D:4)
  Terence (D:2)
  A hound zombie (D:3)
  3 adders
  A gnoll (D:4)
  2 worms
  3 dart slugs
  An orc (D:3)
  7 bats
  11 endoplasms
  3 giant cockroaches
  5 goblins
  6 hobgoblins
  10 jackals
  12 kobolds
  8 quokkas
  9 ball pythons
  2 frilled lizards (D:1)
  7 rats
94 creatures vanquished.

Vanquished Creatures (others)
  2 plants (D:1)
2 creatures vanquished.

Grand Total: 96 creatures vanquished

Notes
Turn   | Place    | Note
-------+----------+-------------------------------------------
     0 | D:1      | Sin92 the Demonspawn Fighter began the quest for the Orb.
     0 | D:1      | Reached XP level 1. HP: 18/18 MP: 1/1
     2 | D:1      | Noticed a merfolk
     2 | D:1      | Noticed a barachi
     4 | D:1      | Noticed a tengu
     6 | D:1      | Noticed an elf
     6 | D:1      | Noticed an octopode
     8 | D:1      | Noticed a gargoyle
     8 | D:1      | Noticed a palentonga
    10 | D:1      | Noticed a human
    12 | D:1      | Noticed an ogre
    12 | D:1      | Noticed a felid
    14 | D:1      | Noticed a demonspawn
    14 | D:1      | Noticed a naga
    16 | D:1      | Noticed a minotaur
    18 | D:1      | Noticed a spriggan
    18 | D:1      | Noticed a draconian
    20 | D:1      | Noticed a ghoul
    20 | D:1      | Noticed a vine stalker
    22 | D:1      | Noticed a vampire
    22 | D:1      | Noticed a djinni
    24 | D:1      | Noticed a formicid
    24 | D:1      | Noticed a demigod
    26 | D:1      | Noticed a troll
    26 | D:1      | Noticed a dwarf
    95 | D:1      | Gained mutation: Your demonic aura sometimes causes spilled
                  | blood to erupt in flames. [demonic ancestry]
    95 | D:1      | Reached XP level 2. HP: 21/24 MP: 2/2
   295 | D:1      | Found a faded altar of an unknown god.
   312 | D:1      | Reached XP level 3. HP: 23/29 MP: 3/3
  1135 | D:2      | Reached skill level 1 in Dodging
  1287 | D:2      | Gained mutation: You have a pair of small antennae on your
                  | head. [demonic ancestry]
  1287 | D:2      | Reached XP level 4. HP: 35/35 MP: 4/4
  1643 | D:2      | Noticed Terence
  1676 | D:2      | Killed Terence
  2528 | D:3      | Gained mutation: You regenerate magic rapidly. [demonic
                  | ancestry]
  2528 | D:3      | Reached XP level 5. HP: 25/41 MP: 5/5
  3344 | D:4      | Slain by a gnoll

Illustrated notes

Levels and vault maps discovered:
D:1:      kb_arrival_jail, layout_rooms, hellmonk_ecumenical_altar_arch_garden,
          st_stairs_4, minmay_shallow_snake_nest
D:2:      layout_basic, uniq_terence
D:3:      minmay_recursive_quarters, layout_rooms
D:4:      layout_basic

Skill      XL: |  1  2  3  4 |
---------------+-------------+-----
Long Blades    | 2 3 |  3.5
Shields        | 3 |  3.6
Armour         | 3 |  3.4
Dodging        | 1 |  1.7
Fighting       | |  3.8

Action                   |  1- 3 |  4- 6 || total
-------------------------+-------+-------++-------
Melee: Long sword        |   120 |   180 ||   300
  Use: Scroll            |     3 |     6 ||     9
       Potion            |       |     5 ||     5
Armor: Chain mail        |    88 |   119 ||   207
       Scale mail        |     1 |       ||     1
Dodge: Dodged            |    33 |    44 ||    77
Block: Kite shield       |    72 |   138 ||   210
       Rpst.: Long sword |     8 |    10 ||    18

Table legend: (Time is in decaauts)
 A = Elapsed time spent in this place.
 B = Non-inter-level travel time spent in this place.
 C = Inter-level travel time spent in this place.
 D = Time resting spent in this place.
 E = Time spent auto-exploring this place.
 F = Levels seen in this place.
 G = Mean time per level.
                   A        B        C        D        E       F      G
               +--------+--------+--------+--------+--------+-----+--------+
         Total |   3496 |   3452 |     44 |      0 |   2669 |   4 |  874.0 |
       Dungeon |   3496 |   3452 |     44 |      0 |   2669 |   4 |  874.0 |
               +--------+--------+--------+--------+--------+-----+--------+

Top non-repeatable levels by time:
     D:2: 1233 daAuts
     D:1: 1099 daAuts
     D:3: 843 daAuts
     D:4: 319 daAuts
